 Dungeon Crawl Stone Soup version 0.29.1 (webtiles) character file.

Game seed: 4408827374743117134

64 qw the Chopper (level 4, -1/28 HPs)
             Began as a Gargoyle Fighter on Sept 13, 2022.
             Slain by a worm (7 damage)
             ... on level 2 of the Dungeon.
             The game lasted 00:00:33 (1429 turns).

qw the Chopper (Gargoyle Fighter)                   Turns: 1429, Time: 00:00:34

Health: -1/28      AC: 10    Str: 21    XL:     4   Next: 12%
Magic:  4/4        EV:  9    Int:  9    God:
Gold:   63         SH:  4    Dex:  9    Spells: 3/3 levels left

rFire   . . .      SeeInvis .   Y - +0 war axe
rCold   . . .      Faith    .   c - +0 buckler
rNeg    + . .      Spirit   .   b - +0 scale mail
rPois   inf        Reflect  .   (no helmet)
rElec   +          Harm     .   (no cloak)
rCorr   .          Rampage  .   (no gloves)
Will    .....                   (no boots)
Stlth   ..........              (no amulet)
HPRegen 0.09/turn               (no ring)
MPRegen 0.09/turn               (no ring)

@: no status effects
A: sickness immunity, AC +3, negative energy resistance 1, electricity
resistance, torment resistance 1, petrification resistance
a: no special abilities


You were on level 2 of the Dungeon.
You visited 1 branch of the dungeon, and saw 2 of its levels.

You collected 63 gold pieces.


Innate Abilities, Weirdness & Mutations

You are immune to sickness and miasma.
Your stone body is resilient. (AC +3)
You are immune to poison.
You resist negative energy. (rN+)
You are resistant to electric shocks. (rElec)
You are resistant to unholy torment.
You are immune to petrification.


   Skills:
 - Level 3.2 Fighting
 + Level 3.9 Axes
 - Level 3.2 Armour
 - Level 3.2 Shields


You had 3 spell levels left.
You didn't know any spells.
Your spell library was empty.

Inventory:

Hand Weapons
 e - a +0 whip
 Y - a +0 war axe (weapon)
Armour
 b - a +0 scale mail (worn)
 c - a +0 buckler (worn)
 f - a +0 pair of boots
Jewellery
 a - a +6 ring of dexterity
Potions
 d - a potion of might
 g - a potion of lignification {unknown}
 h - a potion of heal wounds

Dungeon Overview and Level Annotations

Branches:
Dungeon (2/15)

Altars:

Annotations:
D:2 Terence


Message History

You see here a book of Vapours.
You now have 52 gold pieces (gained 18).
Found a stone staircase leading down.
Enter note: An endoplasm comes into view.
You slash the endoplasm!
You kill the endoplasm!
You now have 63 gold pieces (gained 11).
Found 5 stones.
Enter note: A worm comes into view.
Terence the Incautious comes into view.
He is wielding a +0 mace.
Terence shouts!
A rat comes into view.
Terence asks, "Do you want it fast or slow?"
You hit Terence.
Terence is moderately wounded.
Terence hits you with a +0 mace!
You hit Terence.
Terence is moderately wounded.
Terence hits you with a +0 mace. Terence closely misses you.
You barely miss Terence.
Terence is moderately wounded.
You hit the worm. Terence hits you but does no damage. The worm bites you!
You hit Terence but do no damage.
Terence is moderately wounded.
You barely miss the rat. You hit the worm. Terence closely misses you.
The rat bites you but does no damage. The worm barely misses you.
You slash Terence!
Terence is severely wounded.
You closely miss the rat. You barely miss the worm.
Terence hits you but does no damage. The rat bites you but does no damage.
You barely miss Terence.
Terence is severely wounded.
You hit the worm. You hit the rat.
You kill the rat!
Terence hits you with a +0 mace. The worm bites you!
You die...

.##.......##..#
.##.#####.##.##
.##..........#
....#####....#
###........#.## #
#.#####..#..# #####¤###
#.......###.###.~...¤¤#
#.#####.# #....~8~.¤8~.
#.......# ##.#@w~...~..
####)....##
#..~@..~...~ .(%.%..###
#.~8~(~8~.~8 .......#
#..~...¤.¤.~ .^.....#
.~...~...¤¤¤ .......#
#~8~.~8~.¤8~¤ .......#
#.~...¤...¤. .......#
##..~...~... .........


You could see Terence and a worm.

Vanquished Creatures
  3 adders (D:2)
  2 dart slugs
  3 endoplasms
  2 giant cockroaches (D:2)
  2 goblins (D:2)
  5 hobgoblins
  2 quokkas
  3 bats
  A frilled lizard (D:1)
  4 kobolds
  6 rats
33 creatures vanquished.

Notes
Turn   | Place    | Note
-------+----------+-------------------------------------------
     0 | D:1      | qw the Gargoyle Fighter began the quest for the Orb.
     0 | D:1      | Reached XP level 1. HP: 14/14 MP: 1/1
     0 | D:1      | 0 ||| qw: Version: 0.1-a-119-g272c26d
     0 | D:1      | 0 ||| qw: Game counter: 11210
     0 | D:1      | 0 ||| qw: Always use a shield: true
     0 | D:1      | 0 ||| qw: God list: Okawaru
     0 | D:1      | 0 ||| qw: Allow faded altars: false
     0 | D:1      | 0 ||| qw: Do Orc after D:15 true
     0 | D:1      | 0 ||| qw: Do second Lair branch before Depths: true
     0 | D:1      | 0 ||| qw: Lair rune preference: random
     0 | D:1      | 0 ||| qw: Plans: Normal, Zot, God:TSO, Crypt, Tomb, Pan,
                  | Slime, Hells, Zig, Abyss, Orb
     0 | D:1      | 0 ||| PLANNING D:1-11
    78 | D:1      | 78 ||| Stepping ~*~*~tactically~*~*~ (stealth).
    79 | D:1      | 79 ||| Stepping ~*~*~tactically~*~*~ (stealth).
    95 | D:1      | 95 ||| Stepping ~*~*~tactically~*~*~ (hiding).
   221 | D:1      | Reached XP level 2. HP: 19/19 MP: 2/2
   848 | D:1      | 848 ||| READING scroll labelled CEMAFE QEURCH.
   934 | D:2      | Reached skill level 3 in Axes
   934 | D:2      | Reached XP level 3. HP: 23/23 MP: 3/3
  1002 | D:2      | 1002 ||| Stepping ~*~*~tactically~*~*~ (stealth).
  1004 | D:2      | 1004 ||| STAIRDANCE
  1028 | D:1      | 1028 ||| DRINKING 2 glowing emerald potions.
  1224 | D:2      | 1224 ||| Stepping ~*~*~tactically~*~*~ (stealth).
  1290 | D:2      | Reached XP level 4. HP: 28/28 MP: 4/4
  1418 | D:2      | Noticed Terence
  1429 | D:2      | HP: 6/28 [Terence/+0 mace (2)]
  1429 | D:2      | Slain by a worm

Levels and vault maps discovered:
D:1:      minmay_arrival_loop, layout_loops_ring
D:2:      layout_rooms, kennysheep_doodads, minmay_misc_feat_rows, uniq_terence

Skill      XL: |  1  2 |
---------------+-------+-----
Axes           | 2 3 |  3.9
Fighting       | |  3.2
Armour         | |  3.2
Shields        | |  3.2

Action                   |  1- 3 |  4- 6 || total
-------------------------+-------+-------++-------
Melee: War axe           |   118 |    13 ||   131
  Use: Scroll            |     1 |       ||     1
       Potion            |     1 |       ||     1
Armor: Scale mail        |    66 |     4 ||    70
Dodge: Dodged            |    58 |     5 ||    63
Block: Buckler           |    19 |     1 ||    20

Table legend:
 A = Non-vault XP
 B = Vault XP
 C = Vault XP percentage of total XP
 D = Non-vault monster count
 E = Vault monster count
 F = Vault count percentage of total count
                 A         B        C        D         E       F
            +---------+---------+-------+---------+---------+-------
      Total |      93 |       0 |   0.0 |      33 |       0 |   0.0
            +---------+---------+-------+---------+---------+-------
        D:1 |      19 |       0 |   0.0 |      11 |       0 |   0.0
        D:2 |      74 |       0 |   0.0 |      22 |       0 |   0.0
            +---------+---------+-------+---------+---------+-------
